 Dungeon Crawl Stone Soup version 0.22.0-21-g8bd1b0a (console) character file.

16069 removed the Spear-Bearer (level 12, -7/81 HPs)
             Began as an Octopode Arcane Marksman on Aug 19, 2018.
             Was a High Priest of Okawaru.
             Mangled by a five-headed hydra (14 damage)
             ... on level 2 of the Lair of Beasts.
             The game lasted 01:04:40 (21373 turns).

removed the Spear-Bearer (OpAM)                    Turns: 21373, Time: 01:04:40

Health: -7/81      AC:  3    Str:  9    XL:     12   Next: 33%
Magic:  10/21      EV: 19    Int: 17    God:    Okawaru [*****.]
Gold:   702        SH:  0    Dex: 16    Spells: 13/23 levels left

rFire    + + +     SeeInvis .   g - +2 halberd (venom)
rCold    + . .     Gourm    .   (shield currently unavailable)
rNeg     . . .     Faith    .   H - +2 hat
rPois    +         Spirit   .   (no amulet)
rElec    .         Reflect  .   i - ring of poison resistance
rCorr    .         Harm     .   x - ring of stealth
MR       .....                  M - ring of protection from fire
Stlth    +++.......             N - ring of protection from fire
HPRegen  0.23/turn              S - ring of protection from cold
MPRegen  0.17/turn              O - ring of protection from fire
                                V - ring of flight
                                (no ring)

@: no status effects
A: almost no armour, stealthy swim, amphibious, 8 rings, constrict 8, camouflage
1, gelatinous body 1
a: Heroism, Finesse, Renounce Religion, Evoke Flight


You were on level 2 of the Lair of Beasts.
You worshipped Okawaru.
Okawaru was extremely pleased with you.
You were very hungry.

You visited 2 branches of the dungeon, and saw 13 of its levels.
You also visited: Sewer.

You collected 702 gold pieces.

Inventory:

Hand Weapons
 a - a +0 hand crossbow (quivered)
 b - a +0 spear
 g - a +2 halberd of venom (weapon)
 r - a +0 dagger
 u - a +1 vampiric trident
 y - a +0 glaive
 F - a +0 blowgun
 J - a +2 dagger of venom
Missiles
 c - 127 bolts
 l - 4 needles of confusion
 z - a throwing net
 G - 47 poisoned needles
 L - 3 curare-tipped needles
Armour
 H - a +2 hat (worn)
Magical Staves
 Q - an uncursed staff of energy {unknown}
Jewellery
 i - a ring of poison resistance (left tentacle)
 x - a ring of stealth (right tentacle)
 M - a ring of protection from fire (on tentacle)
 N - a ring of protection from fire (on tentacle)
 O - a ring of protection from fire (on tentacle)
 S - a ring of protection from cold (on tentacle)
 V - a ring of flight (on tentacle)
Wands
 f - a wand of clouds (2)
 n - a wand of paralysis (26)
 R - a wand of polymorph (24)
 T - a wand of disintegration (7)
 X - a wand of iceblast (8)
Scrolls
 h - a scroll of blinking {unknown}
 k - a scroll of holy word
 m - 6 scrolls of amnesia
 o - a scroll of fear
 s - 6 scrolls of remove curse
 w - 11 scrolls of teleportation
 A - 4 scrolls of enchant weapon
 D - 3 scrolls of fog
 K - a scroll of brand weapon
 U - 4 scrolls of enchant armour
 Y - 3 scrolls of magic mapping
Potions
 j - 6 potions of agility
 p - 3 potions of haste
 q - a potion of brilliance
 t - a potion of magic
 B - 8 potions of heal wounds
 C - 11 potions of curing
 E - 2 potions of flight
 I - a potion of cancellation
 P - 3 potions of ambrosia
 W - 2 potions of might
 Z - a potion of berserk rage {unknown}
Comestibles
 v - 5 rations


   Skills:
 - Level 7.1 Fighting
 - Level 12.0 Polearms
 - Level 4.2 Crossbows
 - Level 8.0 Dodging
 - Level 6.3 Spellcasting
 - Level 8.3 Hexes
 + Level 4.3 Invocations


You had 13 spell levels left.
You knew the following spells:

 Your Spells              Type           Power        Failure   Level  Hunger
a - Corona                Hex            ####...      1%          1    None
b - Slow                  Hex            ####....     1%          2    None
c - Confuse               Hex            ####....     1%          3    ##.....
f - Cause Fear            Hex            ####......   4%          4    ####...

Your spell library contained the following spells:

 Spells                   Type           Power        Failure   Level  Hunger
 Confusing Touch          Hex            ####..       1%          1    None
 Inner Flame              Hex/Fire       ###.....     7%          3    ##.....
 Portal Projectile        Hex/Tloc       ###...       7%          3    ##.....
 Animate Skeleton         Necr           N/A          12%         1    None
 Apportation              Tloc           #.....       12%         1    None
 Summon Small Mammal      Summ           #...         12%         1    None
 Leda's Liquefaction      Hex/Erth       ###.......   22%         4    ####...
 Gell's Gravitas          Tloc           #.........   36%         3    ##.....
 Ignite Poison            Fire/Tmut/Pois #.......     36%         3    ##.....
 Metabolic Englaciation   Hex/Ice        ###.......   54%         5    #####..
 Silence                  Hex/Air        ###.......   54%         5    #####..
 Yara's Violent Unravell  Hex/Tmut       ###.......   54%         5    #####..
 Petrify                  Tmut/Erth      #.......     77%         4    ####...
 Fireball                 Conj/Fire      #.........   98%         5    #####..
 Bolt of Fire             Conj/Fire      #.........   100%        6    #######
 Deflect Missiles         Chrm/Air       #.........   100%        6    #######
 Ring of Flames           Chrm/Fire      #.........   100%        7    #######
 Discord                  Hex            ####......   100%        8    #######
 Ignition                 Fire           #.........   100%        8    #######


Dungeon Overview and Level Annotations

Branches:
Dungeon (11/15)            Temple (0/1) D:7            Lair (2/6) D:9
  Swamp (0/4) Lair:2          Orc (0/2) D:10
  Snake: Lair:2-4    Spider: Lair:2-4

Altars:
Okawaru

Shops:
D:9 [

Annotations:
D:2 exclusion: adder
D:3 Natasha
D:4 exclusion: black bear
D:7 3 runed doors, Karim's ghost, novice GnWn; biddum's ghost, novice DsAs; emiel's ghost, amateur VSFi; stickyfingers's ghost, novice TrVM
D:8 Joseph
D:9 2 transporters, exclusions: hornet and soldier ant, Harold; Tovarisch's ghost, novice TrMo
D:10 exclusion: downstairs
D:11 exclusion: cyclops


Innate Abilities, Weirdness & Mutations

You cannot wear most types of armour.
You are very stealthy in the water. (Stealth+)
You are amphibious.
You can wear up to eight rings at the same time.
You can use your tentacles to constrict eight enemies at once.
Your skin changes colour to match your surroundings (Stealth+).
Your rubbery body absorbs attacks. (AC +1, EV +1)


Message History

Unknown command.
Press: ? - help, v - describe, . - travel, g - get item A runed halberd {god gift}.
The floor, spattered with blood.
g - a runed halberd {god gift} Wield which item (- for none, * to show all)? (? for menu, Esc to quit)
Really unwield
u - a +1 vampiric trident?
You feel the dreadful sensation subside.
Your +2 halberd of venom begins to drip with poison!
g - a +2 halberd of venom (weapon)
You start resting.
The five-headed hydra is too close now for your liking.
The five-headed hydra roars!
There is a stone staircase leading up, spattered with blood here.
The five-headed hydra bites you!
* * * LOW HITPOINT WARNING * * *
The five-headed hydra bites you!
* * * LOW HITPOINT WARNING * * *
The five-headed hydra bites you!
You die...

.#####.#................#...####.
.##....##..................≈≈P...
..+....##.....P.(.......♣.PPP♣♣..
.#.....##...............#♣♣≈≈≈♣♣.
.......##...............#≈≈≈♣≈≈♣≈
.#......#......#.##..P♣.≈≈P≈P≈P≈♣
..###.###..............♣♣≈♣≈≈P♣≈≈
...###.#...............≈♣≈≈≈≈P≈P≈
................@.....≈≈≈≈≈PP≈≈P≈
................D.....≈♣♣≈♣≈≈≈≈≈≈
......................≈♣P≈≈≈≈≈≈P§
.......<..............♣P≈≈≈≈≈≈≈≈≈
.....................♣P≈≈≈≈≈≈≈≈≈P
...#.#.P........#.P.#≈P≈≈≈≈≈≈≈≈≈≈
..####.##......#..###≈♣≈≈≈≈≈≈≈≈≈≈
..##...#.......##....♣≈≈≈≈≈≈≈≈≈≈≈
..#.....#............♣♣≈≈≈≈≈≈≈≈≈≈


You could see a five-headed hydra.

Vanquished Creatures
  A death yak (Lair:1)
  A deep elf mage (D:10)
  An ugly thing (D:7)
  A torpor snail (Lair:2)
  5 spiny frogs
  4 komodo dragons
  3 hippogriffs
  25 yaks
  A wyvern (D:9)
  4 hungry ghosts
  Duvessa (D:5)
  6 water moccasins
  4 porcupines
  3 orc warriors
  2 phantoms
  4 ice beasts
  2 black bears
  A necrophage (D:8)
  2 sky beasts
  9 ogres
  6 centaurs
  2 crocodiles (Lair:1)
  2 big kobolds
  7 bullfrogs
  Dowan (D:5)
  A water moccasin zombie (D:7)
  A scorpion (D:5)
  5 killer bees
  A water moccasin skeleton (D:4)
  8 wights
  3 howler monkeys
  8 crimson imps
  A bullfrog zombie (D:5)
  2 centaur zombies
  5 hounds
  4 jellies
  3 orc priests
  A gnoll shaman (D:8)
  Crazy Yiuf (D:2)
  A centaur skeleton (D:7)
  5 iguanas
  6 worker ants
  12 orc wizards
  Terence (D:3)
  A killer bee zombie (D:6)
  A hound zombie (D:5)
  A hound skeleton (D:8)
  A howler monkey zombie (D:11)
  3 gnolls (D:8)
  19 adders
  3 shadow imps
  2 adder skeletons
  4 worms
  2 dart slugs (D:1)
  5 leopard geckos
  49 orcs
  6 giant cockroaches
  10 hobgoblins
  10 jackals
  28 kobolds
  2 quokkas
  4 ball pythons
  4 bats
  8 frilled lizards
  6 goblins
  8 rats
344 creatures vanquished.

Vanquished Creatures (others)
  A porcupine (Lair:1)
  2 fungi
  11 plants
14 creatures vanquished.

Grand Total: 358 creatures vanquished

Notes
Turn   | Place    | Note
-------+----------+-------------------------------------------
     0 | D:1      | removed the Octopode Arcane Marksman began the quest for the Orb.
     0 | D:1      | Reached XP level 1. HP: 13/13 MP: 2/2
   391 | D:1      | Reached XP level 2. HP: 18/18 MP: 3/3
  1089 | D:1      | Reached XP level 3. HP: 19/23 MP: 2/4
  1541 | D:2      | Noticed Terence
  1770 | D:2      | Learned a level 2 spell: Slow
  1831 | D:2      | Reached XP level 4. HP: 18/28 MP: 5/5
  2067 | D:2      | Found an iron altar of Okawaru.
  2083 | D:2      | Became a worshipper of Warmaster Okawaru
  2196 | D:2      | Found a runed door.
  2816 | D:2      | Found an iron altar of Okawaru.
  3783 | D:3      | Killed Terence
  3783 | D:3      | Reached XP level 5. HP: 33/33 MP: 1/6
  3890 | D:3      | Noticed Natasha
  4062 | D:2      | Reached skill level 1 in Polearms
  4336 | D:2      | Noticed Crazy Yiuf
  4497 | D:2      | Killed Crazy Yiuf
  4497 | D:2      | Reached skill level 2 in Polearms
  5420 | D:4      | Reached skill level 3 in Polearms
  5420 | D:4      | Reached XP level 6. HP: 34/38 MP: 7/7
  5560 | D:4      | Found a glowing drain.
  5588 | Sewer    | Entered a sewer
  5727 | Sewer    | Reached skill level 4 in Polearms
  6350 | D:4      | Noticed a black bear
  6407 | D:4      | Reached XP level 7. HP: 43/43 MP: 6/8
  6418 | D:4      | Reached skill level 5 in Polearms
  6942 | D:5      | Entered Level 5 of the Dungeon
  7060 | D:5      | Noticed Duvessa
  7061 | D:5      | Noticed Dowan
  7090 | D:5      | Killed Duvessa
  7163 | D:5      | Killed Dowan
  7163 | D:5      | Reached * piety under Okawaru
  7163 | D:5      | Reached skill level 6 in Polearms
  7992 | D:5      | Reached skill level 7 in Polearms
  7992 | D:5      | Reached XP level 8. HP: 42/48 MP: 3/9
  8575 | D:6      | Reached skill level 8 in Polearms
  9078 | D:6      | Reached ** piety under Okawaru
  9103 | D:6      | Reached XP level 9. HP: 45/58 MP: 0/10
  9518 | D:6      | Reached skill level 5 in Dodging
 10019 | D:7      | Reached skill level 1 in Invocations
 10129 | D:7      | Reached *** piety under Okawaru
 10320 | D:7      | Reached skill level 5 in Hexes
 10659 | D:7      | Noticed a red ugly thing
 10678 | D:7      | Killed a red ugly thing
 11555 | D:7      | Reached skill level 9 in Polearms
 11555 | D:7      | Reached XP level 10. HP: 52/63 MP: 12/16
 11673 | D:7      | Found a staircase to the Ecumenical Temple.
 12078 | D:7      | Found a runed gate.
 12078 | D:7      | Found a runed gate.
 12078 | D:7      | Noticed stickyfingers's ghost (novice TrVM)
 12079 | D:7      | Found a runed gate.
 12080 | D:7      | Noticed emiel's ghost (amateur VSFi)
 12080 | D:7      | Noticed biddum's ghost (novice DsAs)
 12084 | D:7      | Noticed Karim's ghost (novice GnWn)
 12903 | D:8      | Reached skill level 10 in Polearms
 12983 | D:8      | Noticed Joseph
 13138 | D:7      | Learned a level 3 spell: Confuse
 14018 | D:9      | Reached **** piety under Okawaru
 14385 | D:9      | Found Loadeuq's Antique Armour Shoppe.
 14429 | D:9      | Noticed Harold
 14561 | D:9      | Reached skill level 5 in Spellcasting
 14597 | D:9      | Noticed Tovarisch's ghost (novice TrMo)
 14648 | D:9      | Found a transporter.
 14679 | D:9      | Found a staircase to the Lair.
 14856 | D:9      | Reached skill level 5 in Fighting
 15454 | D:9      | Found a transporter.
 15655 | D:10     | Entered Level 10 of the Dungeon
 15785 | D:10     | Reached ***** piety under Okawaru
 15785 | D:10     | Reached XP level 11. HP: 72/72 MP: 11/18
 15794 | D:10     | Received a gift from Okawaru
 15799 | D:10     | Reached skill level 11 in Polearms
 16139 | D:10     | Found a staircase to the Orcish Mines.
 16541 | D:10     | Noticed a deep elf mage
 16554 | D:10     | Killed a deep elf mage
 16788 | D:10     | Received a gift from Okawaru
 16791 | D:10     | Got an ancient hat {god gift}
 16802 | D:10     | Identified the -3 hat of the Wasteland {MR+ Str+4} (Okawaru gifted it to you on level 10 of the Dungeon)
 16921 | D:11     | Noticed a cyclops
 17324 | D:11     | Reached skill level 12 in Polearms
 18254 | Lair:1   | Entered Level 1 of the Lair of Beasts
 19234 | Lair:1   | Learned a level 4 spell: Cause Fear
 19504 | Lair:2   | Reached XP level 12. HP: 70/81 MP: 12/19
 19874 | Lair:2   | Noticed a death yak
 20113 | Lair:2   | Noticed a five-headed hydra
 20508 | Lair:1   | Killed a death yak
 20508 | Lair:1   | Received a gift from Okawaru
 20660 | Lair:2   | Found a staircase to the Swamp.
 21147 | Lair:2   | Identified a scroll of acquirement
 21332 | Lair:2   | Received a gift from Okawaru
 21373 | Lair:2   | Mangled by a five-headed hydra

Skill      XL: |  1  2  3  4  5  6  7  8  9 10 11 12 |
---------------+-------------------------------------+-----
Crossbows      | 3 4 |  4.2
Hexes          | 4 5 7 8 |  8.3
Polearms       | 3 4 7 8 9 10 12 | 12.0
Fighting       | 4 5 7 |  7.1
Dodging        | 4 6 8 |  8.0
Invocations    | 2 4 |  4.3
Spellcasting   | 4 5 6 |  6.3

Action                   |  1- 3 |  4- 6 |  7- 9 | 10-12 || total
-------------------------+-------+-------+-------+-------++-------
Melee: Dagger            |    29 |     3 |       |       ||    32
       Constrict         |    12 |    36 |    51 |    97 ||   196
       Tentacles         |     6 |    18 |    72 |   143 ||   239
       Spear             |       |    28 |       |       ||    28
       Trident           |       |   158 |   449 |   981 ||  1588
       Punch             |       |       |     1 |     1 ||     2
 Fire: Hand crossbow     |    56 |    25 |       |       ||    81
 Cast: Corona            |    23 |    19 |    31 |    26 ||    99
       Slow              |     1 |    29 |   105 |    28 ||   163
       Confuse           |       |       |       |   168 ||   168
       Cause Fear        |       |       |       |     1 ||     1
Invok: Heroism           |       |       |     2 |     2 ||     4
Evoke: Wand              |       |       |       |     8 ||     8
  Use: Potion            |     4 |       |       |     2 ||     6
       Scroll            |       |     7 |     7 |     9 ||    23
 Stab: Sleeping          |     2 |    13 |     2 |     6 ||    23
       Distracted        |       |       |     1 |       ||     1
       Confused          |       |       |       |   138 ||   138
       Paralysed         |       |       |       |     5 ||     5
  Eat: Chunk             |     3 |    12 |    12 |    34 ||    61
       Ration            |       |     3 |     5 |     2 ||    10
Armor: Skin              |     4 |     3 |     9 |     6 ||    22
Dodge: Dodged            |    51 |    78 |   174 |   235 ||   538
